 Dungeon Crawl Stone Soup version 0.30-a0-310-g7d6cbdfea6 (webtiles) character file.

Game seed: 17916656300317884462

305 billz999 the Changer (level 6, -2/41 HPs)
             Began as a Vampire Earth Elementalist on Oct 24, 2022.
             Slain by an ice beast (5 damage)
             ... on level 4 of the Dungeon.
             The game lasted 00:04:51 (3141 turns).

billz999 the Changer (Vampire Earth Elementalist)   Turns: 3141, Time: 00:04:52

Health: -2/41      AC:  2    Str:  7    XL:     6   Next: 15%
Magic:  0/9        EV: 12    Int: 19    God:
Gold:   169        SH:  0    Dex: 15    Spells: 4/9 levels left

rFire   + . .      SeeInvis +    g - +1 dagger (elec)
rCold   + . .      Faith    .    (no shield)
rNeg    . . .      Spirit   .    a - +0 robe
rPois   +          Reflect  .    (no helmet)
rElec   +          Harm     .    (no cloak)
rCorr   +          Rampage  .    (no gloves)
Will    .....                    (no boots)
Stlth   ++........               (no amulet)
HPRegen 0.46/turn                (no ring)
MPRegen 0.11/turn                (no ring)

@: resistant, healing quickly
A: alive, fangs 3, see invisible, vampiric 2
a: Exsanguinate


You were on level 4 of the Dungeon.
You visited 1 branch of the dungeon, and saw 4 of its levels.

You collected 169 gold pieces.

Inventory:

Hand Weapons
 f - a +0 dagger
 g - a +1 dagger of electrocution (weapon)
Armour
 a - a +0 robe (worn)
 q - the +1 robe "Reqigiet" {rPois rCorr Str+2 Int-4}
   (You found it on level 3 of the Dungeon)

   Str:       It affects your strength (+2).
   Int:       It affects your intelligence (-4).
   rPois:     It protects you from poison.
   rCorr:     It protects you from acid and corrosion.
Scrolls
 i - 4 scrolls of teleportation {unknown}
 j - 3 scrolls of identify {unknown}
 l - a scroll of enchant weapon {unknown}
 m - 2 scrolls of enchant armour {unknown}
 n - 2 scrolls of noise {unknown}
 o - a scroll of poison {unknown}
 p - 2 scrolls of vulnerability {unknown}
 r - a scroll of blinking {unknown}
Potions
 b - 2 potions of magic
 d - a potion of mutation {unknown}
 e - a potion of heal wounds {unknown}
 h - a potion of ambrosia {unknown}
 k - a potion of degeneration {unknown}
 s - a potion of cancellation {unknown}
 t - a potion of haste {unknown}


   Skills:
 - Level 2.1 Dodging
 - Level 3.0 Stealth
 * Level 2.1 Spellcasting
 + Level 6.7 Transmutations
 * Level 3.1 Earth Magic


You had 4 spell levels left.
You knew the following spells:

 Your Spells              Type           Power      Damage    Failure   Level
a - Sandblast             Erth           28%        2d8       4%          1
b - Petrify               Tmut/Erth      20%        N/A       22%         4

Your spell library contained the following spells:

 Spells                   Type           Power      Damage    Failure   Level
 Passwall                 Tmut/Erth      16%        N/A       3%          2
 Ensorcelled Hibernation  Hex/Ice        4%         N/A       26%         2
 Stone Arrow              Conj/Erth      16%        3d8       26%         3
 Dazzling Flash           Conj/Hex       4%         N/A       45%         3
 Swiftness                Air            2%         N/A       45%         3
 Agony                    Necr           2%         N/A       99%         5
 Silence                  Hex/Air        1%         N/A       99%         5


Dungeon Overview and Level Annotations

Branches:
Dungeon (4/15)
 Temple: D:4-7

Altars:
Cheibriados
Trog


Innate Abilities, Weirdness & Mutations

Your natural rate of healing is accelerated.
You have razor-sharp teeth.
You have supernaturally acute eyesight. (SInv)
You are afflicted with vampirism and can become a bat while bloodless.


Message History

Aiming: Sandblast (safe; 4% risk of failure)
Press: ? - help, Shift-Dir - straight line, f/p - ice beast
Aim: an ice beast (severely wounded, 82% to hit)
The blast of sand hits the ice beast.
The ice beast is severely wounded.
The ice beast closely misses you. The ice beast barely misses you.
Unknown command.
Casting: Sandblast (safe; 4% risk of failure)
Confirm with . or Enter, or press ? or * to list all spells.
Aiming: Sandblast (safe; 4% risk of failure)
Press: ? - help, Shift-Dir - straight line, f/p - ice beast
Aim: an ice beast (severely wounded, 82% to hit)
The blast of sand hits the ice beast.
The ice beast is severely wounded.
The ice beast closely misses you.
Unknown command.
Casting: Sandblast (safe; 4% risk of failure)
Confirm with . or Enter, or press ? or * to list all spells.
Aiming: Sandblast (safe; 4% risk of failure)
Press: ? - help, Shift-Dir - straight line, f/p - ice beast
Aim: an ice beast (severely wounded, 82% to hit)
The blast of sand hits the ice beast.
The ice beast is almost dead.
The ice beast hits you. The ice beast freezes you. The ice beast hits you.
The ice beast freezes you!
Casting: Sandblast (safe; 4% risk of failure)
Confirm with . or Enter, or press ? or * to list all spells.
Aiming: Sandblast (safe; 4% risk of failure)
Press: ? - help, Shift-Dir - straight line, f/p - ice beast
Aim: an ice beast (almost dead, 82% to hit)
The blast of sand hits the ice beast.
The ice beast is almost dead.
The ice beast hits you.
* * * LOW HITPOINT WARNING * * *
The ice beast freezes you!
* * * LOW HITPOINT WARNING * * *
It was a potion of resistance.
You feel protected. The ice beast hits you.
You die...

#...........
#...........
#...........
#...[.......
#...........
#.###...........
......$........
#...@Y......
#...........
#######..........(
#....<#...........
#.#####...........
#.....)...........
#######...........
############


You could see an ice beast.

Vanquished Creatures
  Sigmund (D:2)
  8 adders
  A gnoll (D:3)
  A worm (D:3)
  2 dart slugs (D:1)
  4 orcs
  5 ball pythons
  3 bats
  3 endoplasms
  4 giant cockroaches
  6 goblins
  9 hobgoblins
  A quokka (D:1)
  7 frilled lizards
  4 kobolds
  9 rats
68 creatures vanquished.

Notes
Turn   | Place    | Note
-------+----------+-------------------------------------------
     0 | D:1      | billz999 the Vampire Earth Elementalist began the quest for
                  | the Orb.
     0 | D:1      | Reached XP level 1. HP: 13/13 MP: 3/3
   109 | D:1      | Reached skill level 2 in Transmutations
   173 | D:1      | Reached XP level 2. HP: 19/19 MP: 3/5
   430 | D:1      | Reached skill level 3 in Transmutations
   625 | D:1      | Gained mutation: You are afflicted with vampirism and can
                  | become a bat while bloodless. [Vampire growth]
   625 | D:1      | Reached XP level 3. HP: 18/24 MP: 6/6
   921 | D:2      | Reached skill level 4 in Transmutations
  1001 | D:2      | Found a snail-covered altar of Cheibriados.
  1038 | D:2      | Reached XP level 4. HP: 30/30 MP: 5/7
  1187 | D:2      | Noticed Sigmund
  1194 | D:2      | Killed Sigmund
  1195 | D:2      | Reached skill level 6 in Transmutations
  1195 | D:2      | Reached XP level 5. HP: 18/35 MP: 4/8
  1871 | D:3      | Identified the +1 robe "Reqigiet" {rPois rCorr Str+2 Int-4}
  1929 | D:3      | Reached XP level 6. HP: 41/41 MP: 7/9
  2021 | D:3      | Learned a level 4 spell: Petrify
  2463 | D:3      | Noticed a moth of wrath
  2575 | D:3      | Found a bloodstained altar of Trog.
  3125 | D:4      | Noticed an ice beast
  3140 | D:4      | HP: 2/41 [ice beast (9)]
  3141 | D:4      | Slain by an ice beast

Illustrated notes

Levels and vault maps discovered:
D:1:      dpeg_arrival_ternary, layout_basic
D:2:      layout_basic, basic_altar, st_stairs_14, uniq_sigmund
D:3:      layout_basic, tgw_trog, tso_altar, minmay_increasing_density
D:4:      layout_basic, tgw_xom

Skill      XL: |  1  2  3  4 |
---------------+-------------+-----
Transmutations | 2 3 4 6 |  6.7
Dodging        | |  2.1
Stealth        | |  3.0
Spellcasting   | |  2.1
Earth Magic    | |  3.1

Action                   |  1- 3 |  4- 6 || total
-------------------------+-------+-------++-------
Melee: Unarmed           |     1 |       ||     1
       Dagger            |    28 |    15 ||    43
       Bite              |     2 |     1 ||     3
 Cast: Sandblast         |    39 |    55 ||    94
  Use: Potion            |       |     1 ||     1
 Stab: Sleeping          |     2 |     1 ||     3
       Distracted        |       |     1 ||     1
Armor: Robe              |    10 |     6 ||    16
Dodge: Dodged            |    28 |    28 ||    56

Table legend: (Time is in decaauts)
 A = Elapsed time spent in this place.
 B = Non-inter-level travel time spent in this place.
 C = Inter-level travel time spent in this place.
 D = Time resting spent in this place.
 E = Time spent auto-exploring this place.
 F = Levels seen in this place.
 G = Mean time per level.
                   A        B        C        D        E       F      G
               +--------+--------+--------+--------+--------+-----+--------+
         Total |   3186 |   3080 |    106 |     36 |   2586 |   4 |  796.5 |
       Dungeon |   3186 |   3080 |    106 |     36 |   2586 |   4 |  796.5 |
               +--------+--------+--------+--------+--------+-----+--------+

Top non-repeatable levels by time:
     D:3: 1297 daAuts
     D:2: 954 daAuts
     D:1: 835 daAuts
     D:4: 99 daAuts
